 Dungeon Crawl Stone Soup version 0.28-a0-503-g83f2989fac (webtiles) character file.

Game seed: 9571926578990978899

2281 siradein the Skirmisher (level 9, -6/71 HPs)
             Began as a Demonspawn Fighter on Sept 20, 2021.
             Was an Initiate of Gozag.
             Mangled by a vampire (7 damage)
             ... on level 7 of the Dungeon.
             The game lasted 00:16:52 (6955 turns).

siradein the Skirmisher (Demonspawn Fighter)        Turns: 6955, Time: 00:16:53

Health: -6/71      AC: 13    Str: 18    XL:     9   Next: 16%
Magic:  0/9        EV: 11    Int:  9    God:    Gozag
Gold:   224        SH: 10    Dex: 15    Spells: 8/8 levels left

rFire   . . .      SeeInvis .   a - +0 long sword
rCold   . . .      Faith    .   c - +0 buckler
rNeg    . . .      Spirit   +   y - +3 leather armour {Will+}
rPois   .          Reflect  .   (helmet restricted)
rElec   .          Harm     .   k - +0 cloak
rCorr   .          Rampage  .   w - +0 pair of gloves
Will    +....                   b - +0 pair of boots
Stlth   +.........              l - amulet of guardian spirit
HPRegen 0.21/turn               o - ring of flight
MPRegen 0.11/turn               (no ring)

@: on berserk cooldown, flying, slowed, very slow
A: antennae 2, thin metallic scales 2, condensation shield
a: Renounce Religion, Potion Petition, Call Merchant, Bribe Branch


You were on level 7 of the Dungeon.
You worshipped Gozag.
Gozag was aware of your devotion.
You visited 1 branch of the dungeon, and saw 7 of its levels.

You collected 479 gold pieces.
You spent 179 gold pieces at shops.
You paid 76 gold pieces to Gozag.

Inventory:

Hand Weapons
 a - a +0 long sword (weapon)
Missiles
 m - 37 poisoned darts (quivered)
Armour
 b - a +0 pair of boots (worn)
 c - a +0 buckler (worn)
 k - a +0 cloak (worn)
 w - a +0 pair of gloves (worn)
 y - a +3 leather armour of willpower (worn)
Jewellery
 l - an amulet of guardian spirit (around neck)
 o - a ring of flight (left hand)
 v - a ring of fire
Wands
 n - a wand of iceblast (4)
Scrolls
 e - 2 scrolls of magic mapping
 g - a scroll of silence
 h - 4 scrolls of immolation
 j - 2 scrolls of vulnerability
 p - 2 scrolls of amnesia
 r - 2 scrolls of enchant weapon {unknown}
 s - a scroll of holy word {unknown}
 u - a scroll of enchant armour {unknown}
 B - a scroll of torment
Potions
 d - a potion of might
 f - a potion of brilliance
 q - a potion of degeneration {unknown}
 t - a potion of lignification
 x - a potion of curing {unknown}
 z - 2 potions of flight


   Skills:
 + Level 6.8 Fighting
 + Level 5.8 Long Blades
 + Level 6.1 Armour
 + Level 6.2 Shields


You had 8 spell levels left.
You didn't know any spells.
Your spell library contained the following spells:

 Spells                   Type           Power      Damage    Failure   Level
 Magic Dart               Conj           0%         1d3       43%         1
 Summon Small Mammal      Summ           0%         N/A       43%         1
 Call Imp                 Summ           0%         N/A       56%         2
 Searing Ray              Conj           0%         2d4       56%         2
 Static Discharge         Conj/Air       0%         N/A       56%         2
 Call Canine Familiar     Summ           0%         N/A       80%         3
 Frozen Ramparts          Ice            0%         1d2       80%         3
 Mephitic Cloud           Conj/Pois/Air  0%         N/A       80%         3
 Summon Guardian Golem    Hex/Summ       0%         N/A       80%         3
 Dispel Undead            Necr           0%         3d6       99%         4
 Fulminant Prism          Conj/Hex       0%         3d6       99%         4
 Ice Form                 Ice/Tmut       0%         N/A       99%         4
 Iskenderun's Mystic Bla  Conj/Tloc      0%         2d3       99%         4
 Sticky Flame             Conj/Fire      0%         2d3       99%         4
 Summon Ice Beast         Ice/Summ       0%         N/A       99%         4
 Lee's Rapid Deconstruct  Erth           0%         3d5*      100%        5


Dungeon Overview and Level Annotations

Branches:
Dungeon (7/15)
 Temple: D:4-7

Altars:
Gozag
Zin

Shops:
D:3 [   D:5 ??(?


Innate Abilities, Weirdness & Mutations

You have a pair of antennae on your head.
You are mostly covered in thin metallic scales. (AC +3)
A meltable shield of frost defends you. (SH +4)


Message History

The vampire misses you.
The vampire bites you but does no damage.
You hit the vampire.
The vampire is severely damaged.
The vampire mumbles some strange words.
The vampire flickers and vanishes!
Deactivating autopickup; reactivate with Ctrl-A.
You hit something but do no damage. You block something's attack. x2
You miss something. Something hits you! Something bites you.
* * * LOW HITPOINT WARNING * * *
Something draws strength from your injuries!
You hear some strange, mumbled words.
You are confused.
You're too confused to move!
You bump into the rock wall.
Something draws life force from you!
* * * LOW HITPOINT WARNING * * *
Something hits you but does no damage. Something bites you but does no damage.
A red film seems to cover your vision as you go berserk!
You feel yourself moving faster!
You feel mighty! Something hits you.
* * * LOW HITPOINT WARNING * * *
Something bites you but does no damage.
You feel a strong urge to attack something.
You bump into the rock wall.
You feel your anger nearly subside. Something completely misses you.
Something bites you but does no damage.
You are no longer berserk.
You are exhausted.
You feel yourself slow down. Something barely misses you. Something bites you!
* * * LOW HITPOINT WARNING * * *
Something draws strength from your injuries!
You feel less confused. Something hits you.
* * * LOW HITPOINT WARNING * * *
Something barely misses you.
You miss something. Something hits you but does no damage. Something bites you.
* * * LOW HITPOINT WARNING * * *
Something draws strength from your injuries!
Something hits you!
You die...
Your body crumbles into a pile of gold.

...#...........
## #.#[..##.###
#.##.###.#
#........#
#........#
####'#####
##...## $
##.....##
#...@{..#
#.........#
............+
##..........# $
#.#.......## $
#.##.....## #
##...## ##+##


There were no monsters in sight!

Vanquished Creatures
  Pikel (D:4)
  Eustachio (D:5)
  4 water moccasins
  A black bear (D:6)
  An ice beast (D:5)
  A sky beast (D:6)
  4 ogres
  A phantom (D:4)
  2 scorpions
  A bullfrog (D:6)
  A water moccasin skeleton (D:6)
  2 orc priests (D:6)
  A bullfrog skeleton (D:5)
  2 hounds
  An iguana (D:7)
  An orc wizard (D:6)
  6 adders
  2 shadow imps
  2 white imps
  2 ufetubi (D:5)
  An adder zombie (D:5)
  An adder skeleton (D:4)
  A dart slug (D:1)
  11 orcs
  5 ball pythons
  5 endoplasms
  2 giant cockroaches
  5 goblins
  3 hobgoblins
  A jackal (D:5)
  3 quokkas
  4 bats (D:1)
  A frilled lizard (D:2)
  3 kobolds
  3 rats
86 creatures vanquished.

Vanquished Creatures (others)
  A plant (D:1)
1 creature vanquished.

Grand Total: 87 creatures vanquished

Notes
Turn   | Place    | Note
-------+----------+-------------------------------------------
     0 | D:1      | siradein the Demonspawn Fighter began the quest for the
                  | Orb.
     0 | D:1      | Reached XP level 1. HP: 18/18 MP: 1/1
   230 | D:1      | Gained mutation: You are partially covered in thin metallic
                  | scales. (AC +2) [demonic ancestry]
   230 | D:1      | Reached XP level 2. HP: 20/24 MP: 2/2
   806 | D:1      | Found a faded altar of an unknown god.
  1138 | D:2      | Reached XP level 3. HP: 29/29 MP: 3/3
  1910 | D:3      | Found Juquisiw's Armour Boutique.
  2744 | D:3      | Reached XP level 4. HP: 30/36 MP: 1/4
  3060 | D:4      | Noticed a scorpion
  3077 | D:4      | Killed a scorpion
  3078 | D:4      | Gained mutation: You are mostly covered in thin metallic
                  | scales. (AC +3) [demonic ancestry]
  3078 | D:4      | Reached XP level 5. HP: 37/42 MP: 5/5
  3288 | D:5      | Entered Level 5 of the Dungeon
  3320 | D:5      | Noticed a phantom
  3331 | D:5      | Found Kelug's Magic Scroll Shop.
  3360 | D:4      | Killed a phantom
  3425 | D:5      | Gained mutation: A meltable shield of frost defends you.
                  | (SH +4) [demonic ancestry]
  3425 | D:5      | Reached XP level 6. HP: 28/48 MP: 4/6
  3688 | D:5      | Found Heegosy's Magic Scroll Shop.
  3689 | D:5      | Found Ruwib's Magic Scroll Shop.
  3693 | D:5      | Bought a scroll of identify for 26 gold pieces
  3697 | D:5      | Found Wasav's Antique Weapon Shop.
  3731 | D:5      | Noticed Eustachio
  4032 | D:5      | Noticed a water moccasin
  4042 | D:5      | Killed a water moccasin
  4053 | D:5      | Noticed Pikel
  4216 | D:4      | Killed Pikel
  4217 | D:4      | Reached skill level 5 in Fighting
  4217 | D:4      | Gained mutation: You have a pair of small antennae on your
                  | head. [demonic ancestry]
  4217 | D:4      | Reached XP level 7. HP: 29/56 MP: 7/7
  4369 | D:5      | Reached skill level 5 in Armour
  4369 | D:5      | Reached skill level 5 in Shields
  4369 | D:5      | Reached XP level 8. HP: 63/63 MP: 8/8
  4558 | D:5      | Found an opulent altar of Gozag.
  4947 | D:5      | Became a worshipper of Gozag Ym Sagoz the Greedy
  5169 | D:5      | Killed Eustachio
  5170 | D:5      | Reached skill level 5 in Long Blades
  5256 | D:3      | Bought a +0 pair of boots for 49 gold pieces
  5318 | D:5      | Bought 2 scrolls of identify for 52 gold pieces
  5318 | D:5      | Bought a scroll of identify for 26 gold pieces
  5318 | D:5      | Bought a scroll of identify for 26 gold pieces
  5982 | D:6      | Gained mutation: You have a pair of antennae on your head.
                  | [demonic ancestry]
  5982 | D:6      | Reached XP level 9. HP: 52/71 MP: 7/9
  6953 | D:7      | HP: 3/71 [something (8)]
  6955 | D:7      | HP: 1/71 [something (2)]
  6955 | D:7      | Mangled by a vampire

Illustrated notes

Levels and vault maps discovered:
D:1:      psy_arrival_spokes, layout_basic, shapermc_ecumenical_altar_petra,
          minmay_hexomino_u4
D:2:      layout_loops_ring
D:3:      layout_basic, serial_shops, shop, minmay_misc_feat_four_crosses
D:4:      layout_rooms
D:5:      layout_basic, grunt_temple_overflow_gold_and_silver,
          minmay_shop_grid_forest, minmay_increasing_density, uniq_eustachio,
          uniq_pikel
D:6:      layout_basic, serial_curves, eino_curves_01, eino_curves_02
D:7:      layout_loops_corners, minmay_temple_entry_stoned_glass,
          enter_bailey_5, chequers_serial_rivers_micro_d,
          minmay_strange_pillars, nrook_loot_triangle

Skill      XL: |  1  2  3  4  5  6  7  8  9 |
---------------+----------------------------+-----
Long Blades    | 2 3 4 5 |  5.8
Shields        | 3 4 5 6 |  6.2
Armour         | 3 4 5 6 |  6.1
Fighting       | 4 5 6 |  6.8

Action                   |  1- 3 |  4- 6 |  7- 9 || total
-------------------------+-------+-------+-------++-------
Melee: Long sword        |   103 |   126 |   263 ||   492
Throw: Dart              |       |     3 |       ||     3
Evoke: Wand              |       |     1 |       ||     1
  Use: Scroll            |       |     3 |     7 ||    10
       Potion            |       |     1 |     1 ||     2
 Stab: Distracted        |       |       |     1 ||     1
Armor: Scale mail        |    50 |    70 |    88 ||   208
       Leather armour    |       |       |    61 ||    61
Dodge: Dodged            |    59 |    67 |   139 ||   265
Block: Buckler           |    22 |    42 |   154 ||   218

Table legend: (Time is in decaauts)
 A = Elapsed time spent in this place.
 B = Non-inter-level travel time spent in this place.
 C = Inter-level travel time spent in this place.
 D = Time resting spent in this place.
 E = Time spent auto-exploring this place.
 F = Levels seen in this place.
 G = Mean time per level.
                   A        B        C        D        E       F      G
               +--------+--------+--------+--------+--------+-----+--------+
         Total |   7063 |   6715 |    348 |    308 |   4759 |   7 | 1009.0 |
       Dungeon |   7063 |   6715 |    348 |    308 |   4759 |   7 | 1009.0 |
               +--------+--------+--------+--------+--------+-----+--------+

Top non-repeatable levels by time:
     D:5: 1710 daAuts
     D:6: 1535 daAuts
     D:3: 1075 daAuts
     D:1: 1042 daAuts
     D:4: 914 daAuts
     D:2: 695 daAuts
     D:7: 90 daAuts
